 Dungeon Crawl Stone Soup version 0.21.0 (webtiles) character file.

26 tidbits the Sneak (level 2, -4/11 HPs)
             Began as a Felid Air Elementalist on Jan 7, 2018.
             Killed by nerve-wracking pain
             ... invoked by Grinder
              (13 damage)
             ... on level 3 of the Dungeon.
             The game lasted 00:02:22 (280 turns).

tidbits the Sneak (Felid Air Elementalist)           Turns: 280, Time: 00:02:23

Health: -4/11      AC:  1    Str:  4    XL:     2   Next: 89%
Magic:  6/6        EV: 18    Int: 16    God:
Gold:   24         SH:  0    Dex: 16    Spells: 4/5 levels left
                                        Lives:  0   Deaths: 0

rFire    . . .     SeeInvis +     - Unarmed
rCold    . . .     Gourm    .   (shield unavailable)
rNeg     . . .     Faith    .   (armour unavailable)
rPois    .         Spirit   .   (helmet unavailable)
rElec    .         Reflect  .   (cloak unavailable)
rCorr    .         Harm     .   (gloves unavailable)
MR       .....                  (boots unavailable)
Stlth    +++.......             (no amulet)
HPRegen  0.03/turn              (no ring)
MPRegen  0.10/turn              (no ring)

@: quick
A: very small, no armour, no weapons or thrown items, stealth, claws 1, fangs 3,
see invisible, carnivore, speed 1, shaggy fur 1, slow metabolism 1, sharp paws
a: no special abilities


You were on level 3 of the Dungeon.
You were full.

You visited 1 branch of the dungeon, and saw 3 of its levels.

You collected 24 gold pieces.

Inventory:

Scrolls
 d - a scroll of fog {unknown}
 e - a scroll of enchant weapon {unknown}
 i - a scroll of amnesia {unknown}
 j - 2 scrolls of remove curse {unknown}
Potions
 c - a potion of ambrosia {unknown}
 f - a potion of haste {unknown}
 g - 2 potions of mutation {unknown}
 h - a potion of heal wounds {unknown}
Books
 a - a book of Air

   Spells                             Type                      Level
   a - Shock                          Conjuration/Air              1
   b - Swiftness                      Charms/Air                   2
   c - Static Discharge               Conjuration/Air              3
   d - Airstrike                      Air                          4
   e - Lightning Bolt                 Conjuration/Air              5
Comestibles
 b - a ration


   Skills:
 - Level 2.6 Dodging
 + Level 4.0 Stealth
 + Level 1.7 Unarmed Combat
 - Level 2.0 Spellcasting
 - Level 0.8 Conjurations
 - Level 2.6 Air Magic


You had 4 spell levels left.
You knew the following spells:

 Your Spells              Type           Power        Failure   Level  Hunger
a - Shock                 Conj/Air       #...         10%         1    #......


Dungeon Overview and Level Annotations

Branches:
Dungeon (3/15)

Altars:
Qazlal

Annotations:
D:3 Grinder


Innate Abilities, Weirdness & Mutations

You cannot wear armour.
You are incapable of wielding weapons or throwing items.
Your paws allow you to move quietly. (Stealth)
You have sharp claws.
You have razor-sharp teeth.
You have supernaturally acute eyesight. (SInv)
You are carnivorous and can eat meat at any time.
You cover ground quickly.
You are covered in fur. (AC +1)
You have a slow metabolism.
Your sharp claws are effective at attacking unaware monsters.


Message History

j - a scroll labeled COLAUH DAXZO
There is a stone staircase leading down here.
Magic restored.
You climb downwards.
Found a stone staircase leading up.
There is a stone staircase leading up here.
A hobgoblin comes into view.
Found a scroll labeled COLAUH DAXZO.
j - 2 scrolls labeled COLAUH DAXZO (gained 1)
The hobgoblin shouts!
You barely miss the hobgoblin. The hobgoblin completely misses you.
Casting: Shock
Confirm with . or Enter, or press ? or * to list all spells.
Aiming: Shock
Press: ? - help, Shift-Dir - straight line The zap hits the hobgoblin.
The hobgoblin is heavily wounded.
The zap hits the hobgoblin.
The hobgoblin is almost dead.
The hobgoblin barely misses you.
Casting: Shock
Confirm with . or Enter, or press ? or * to list all spells.
Aiming: Shock
Press: ? - help, Shift-Dir - straight line The zap hits the hobgoblin.
You kill the hobgoblin!
Found 14 gold pieces.
A jackal comes into view.
Found 12 gold pieces.
Found a scroll labeled KAUNA GAUQUHAWN.
You see here 14 gold pieces.
A jackal comes into view.
The jackal barks!
The jackal moves out of view.
You see here 14 gold pieces.
You now have 19 gold pieces (gained 14).
The jackal closely misses you.
Casting: Shock
Confirm with . or Enter, or press ? or * to list all spells.
Aiming: Shock
Press: ? - help, Shift-Dir - straight line The zap hits the jackal.
The jackal is moderately wounded.
The zap hits the jackal.
The jackal is almost dead.
The jackal misses you.
Casting: Shock
Confirm with . or Enter, or press ? or * to list all spells.
Aiming: Shock
Press: ? - help, Shift-Dir - straight line The zap hits the jackal.
You kill the jackal!
You see here a jackal corpse.
Found a stormy altar of Qazlal.
An adder comes into view.
The helpless adder fails to defend itself.
You claw the adder!
The adder is almost dead.
The adder misses you. The adder barely misses you.
Casting: Shock
Confirm with . or Enter, or press ? or * to list all spells.
Aiming: Shock
Press: ? - help, Shift-Dir - straight line You miscast Shock.
You are very lightly contaminated with residual magic.
You smell something strange.
The adder closely misses you.
Casting: Shock
Confirm with . or Enter, or press ? or * to list all spells.
Aiming: Shock
Press: ? - help, Shift-Dir - straight line The zap hits the adder.
You kill the adder!
Your Stealth skill increases to level 4!
You see here an adder corpse.
You see here an adder corpse.
You see here an adder corpse.
You butcher the adder corpse.
k - 2 chunks of flesh You see here an adder skeleton.
Eat one of 2 chunks of flesh? (ye/n/q)
You eat one of the 2 chunks of flesh.
This raw flesh tastes great.
Eat a chunk of flesh? (ye/n/q)
You eat the chunk of flesh.
This raw flesh tastes great.
Found 5 gold pieces.
You now have 24 gold pieces (gained 5).
Your magical contamination has completely faded away.
Found a stone staircase leading down.
Grinder comes into view.
Grinder shouts!
Grinder gestures at you.
You suddenly lose the ability to move!
Grinder gestures at you. Pain shoots through your body!
You can move again.
Unknown command.
There is a stone staircase leading down here.
Grinder gestures at you. Pain shoots through your body!
Ouch! That really hurt!
You die...

..........# #.......#
#.# #... ..
......†####.###..###..
####....##........#..
.....#............#.#
##########..$.....#.#
§§§ ##..........## §§§
#....?...5...## §§§
#.......@.....# §§§
#....#........#.#. ##§
#................. _#8
#............#.... ##§
#................. §§§
#..##............. §§§
#................. §§§
#.###.##.......... §§§
#....##....#.....


You could see Grinder.

Vanquished Creatures
  An adder (D:3)
  An ooze (D:1)
  2 goblins
  3 hobgoblins
  A jackal (D:3)
  3 bats (D:1)
  A frilled lizard (D:1)
  2 rats (D:1)
14 creatures vanquished.

Notes
Turn   | Place    | Note
-------+----------+-------------------------------------------
     0 | D:1      | tidbits the Felid Air Elementalist began the quest for the Orb.
     0 | D:1      | Reached XP level 1. HP: 7/7 MP: 4/4
    28 | D:1      | Reached skill level 3 in Stealth
    72 | D:1      | Reached skill level 1 in Unarmed Combat
    72 | D:1      | Reached XP level 2. HP: 11/11 MP: 6/6
    93 | D:1      | You fall through a shaft!
   217 | D:3      | Found a stormy altar of Qazlal.
   232 | D:3      | Reached skill level 4 in Stealth
   274 | D:3      | Noticed Grinder
   275 | D:3      | Paralysed by Grinder for 3 turns
   280 | D:3      | Killed from afar by Grinder

Skill      XL: |  1  2 |
---------------+-------+-----
Stealth        | 3 4 |  4.0
Unarmed Combat | 1 |  1.7
Dodging        | |  2.6
Spellcasting   | |  2.0
Conjurations   | |  0.8
Air Magic      | |  2.6

Action                   || total
-------------------------++-------
Melee: Unarmed           ||    12
 Cast: Shock             ||    10
 Stab: Sleeping          ||     8
  Eat: Chunk             ||     2
Dodge: Dodged            ||    11

Table legend:
 A = Turns spent in this place as a percentage of turns spent in the entire game.
 B = Non-inter-level travel turns spent in this place as a percentage of non-inter-level travel turns spent in the entire game.
 C = Inter-level travel turns spent in this place as a percentage of turns spent in this place.
 D = Turns resting spent in this place as a percentage of non-inter-level travel turns spent in this place.
 E = Turns spent auto-exploring this place as a percentage of non-inter-level travel turns spent in this place.
 F = Non-inter-level travel turns spent in this place divided by the number of levels of this place that you've seen.
                   A       B       C       D       E      F
               +-------+-------+-------+-------+-------+----------------------
         Total | 100.0 | 100.0 |   0.0 |   0.0 |   0.0 |  93.3
       Dungeon | 100.0 | 100.0 |   0.0 |   0.0 |   0.0 |  93.3
               +-------+-------+-------+-------+-------+----------------------

Table legend:
 A = Kills in this place as a percentage of kills in entire the game.
 B = Kills by you in this place as a percentage of kills by you in the entire game.
 C = Kills by friends in this place as a percentage of kills by friends in the entire game.
 D = Other kills in this place as a percentage of other kills in the entire game.
 E = Experience gained in this place as a percentage of experience gained in the entire game.
 F = Experience gained in this place divided by the number of levels of this place that you have seen.
                   A       B       C       D       E      F
               +-------+-------+-------+-------+-------+----------------------
         Total | 100.0 | 100.0 |   N/A |   N/A | 100.0 |  12.7
       Dungeon | 100.0 | 100.0 |   N/A |   N/A | 100.0 |  12.7
               +-------+-------+-------+-------+-------+----------------------

Vault maps used:
D:1:      dpeg_arrival_shelter
D:2:      grunt_ministairs_5, uniq_terence, uniq_crazy_yiuf_cottage
D:3:      nicolae_qazlal_eye_of_the_storm, minivault_4, uniq_grinder
